 Dungeon Crawl Stone Soup version 0.13-a0-2156-ga9a2eb8 (webtiles) character file.

619 JacquesDerrida the Carver (level 6, -1/41 HPs)
             Began as a High Elf Gladiator on June 30, 2013.
             Slain by a sky beast (4 damage)
             ... on Level 5 of the Dungeon.
             The game lasted 00:10:36 (3757 turns).

JacquesDerrida the Carver (High Elf Gladiator)      Turns: 3757, Time: 00:10:36

HP  -1/41        AC  7     Str 18      XL: 6   Next: 59%
MP   9/9         EV 12     Int 15      God:
Gold 206         SH  0     Dex 15      Spells:  0 memorised,  5 levels left

Res.Fire  : + + .   See Invis. : .   i - +0 great sword (curse)
Res.Cold  : + . .   Warding    : .   o - +2 leather armour {rF+}
Life Prot.: + . .   Conserve   : .   (no shield)
Res.Poison: +       Res.Corr.  : .   c - +0 helmet
Res.Elec. : +       Clarity    : .   (no cloak)
Sust.Abil.: . .     Spirit.Shd : .   n - +0 pair of gauntlets
Res.Mut.  : .       Stasis     : .   (no boots)
Res.Rott. : .       Flight     : .   (no amulet)
Saprovore : . . .                    u - +4 ring of strength
                                     g - ring of life protection

@: slightly resistant to hostile enchantments, unstealthy
A: no striking features
a: no special abilities


You were on level 5 of the Dungeon.
You were not hungry.

You visited 1 branch of the dungeon, and saw 5 of its levels.

You collected 186 gold pieces.

Inventory:

Hand weapons
 a - a +0,+0 elven falchion
 i - a cursed +0,+0 great sword (weapon)
 p - a +2,+0 elven long sword
Missiles
 d - 4 throwing nets (quivered)
 k - 10 poisoned needles
 l - 2 poisoned darts
 s - 7 steel darts
Armour
 b - a +0 elven leather armour
 c - a +0 helmet (worn)
 n - a +0 pair of gauntlets (worn)
 o - a +2 leather armour of fire resistance (worn)
Comestibles
 f - a bread ration
 q - a meat ration
Scrolls
 e - 5 scrolls of identify
Jewellery
 g - a ring of life protection (left hand)
 u - a +4 ring of strength (right hand)
Potions
 h - a potion of restore abilities
 j - 2 potions of confusion


   Skills:
 - Level 2.0 Fighting
 + Level 9.0 Long Blades
 - Level 2.1 Throwing
 - Level 3.2 Dodging


You had 5 spell levels left.
You didn't know any spells.

Dungeon Overview and Level Annotations

Branches:
Dungeon (5/27)
 Temple: D:4-7

Altars:
Cheibriados
Okawaru

Shops:
D:4: [


Message History

The sky beast shocks you. You resist.
* * * LOW HITPOINT WARNING * * *
You barely miss the sky beast.
The sky beast is heavily wounded.
The sky beast barely misses you.
Throwing (i - inventory. (,) - cycle):
d - 6 throwing nets (quivered)
Press: ? - help, Shift-Dir - straight line, f - sky beast
Aim: a sky beast (heavily wounded)
You throw a throwing net. The throwing net hits the sky beast.
The sky beast darts out from under the net!
The sky beast is heavily wounded.
The sky beast barely misses you.
Throwing (i - inventory. (,) - cycle):
d - 5 throwing nets (quivered)
Press: ? - help, Shift-Dir - straight line, f/p - sky beast
Aim: a sky beast (heavily wounded)
You throw a throwing net. The throwing net hits the sky beast.
The sky beast darts out from under the net!
The sky beast is heavily wounded.
The sky beast hits you.
You die...

# #?##
##_.⌠##############
#8...'..##..........
##_.⌠#'I.#..........#
#.#####@#..........#
# #.............
###..........#
####.####### #..###
##...# #####.######
#..........#
####......(...#


You could see a sky beast.

Vanquished Creatures
  A phantom (D:4)
  A wight (D:4)
  An orc priest (D:3)
  3 worker ants (D:4)
  An orc wizard (D:3)
  5 adders
  An iguana skeleton (D:4)
  3 worms
  2 giant geckos
  7 orcs
  7 bats
  4 giant cockroaches
  7 goblins
  9 hobgoblins
  7 jackals (D:1)
  13 kobolds
  2 quokkas
  4 giant newts
  13 rats
91 creatures vanquished.

Vanquished Creatures (others)
  A quokka (D:3)
1 creature vanquished.

Grand Total: 92 creatures vanquished

Notes
Turn   | Place    | Note
--------------------------------------------------------------
     0 | D:1      | JacquesDerrida, the High Elf Gladiator, began the quest for the Orb.
     0 | D:1      | Reached XP level 1. HP: 15/15 MP: 1/1
    41 | D:1      | Reached skill level 4 in Long Blades
   167 | D:1      | Reached XP level 2. HP: 16/20 MP: 2/2
   574 | D:1      | Reached skill level 5 in Long Blades
   744 | D:1      | Reached XP level 3. HP: 8/25 MP: 4/4
  1628 | D:2      | Reached XP level 4. HP: 31/31 MP: 6/6
  1957 | D:3      | Reached skill level 6 in Long Blades
  2418 | D:3      | Reached XP level 5. HP: 30/36 MP: 7/7
  2421 | D:3      | Reached skill level 7 in Long Blades
  3010 | D:4      | Reached skill level 8 in Long Blades
  3203 | D:4      | Reached XP level 6. HP: 23/41 MP: 9/9
  3447 | D:4      | Noticed a phantom
  3464 | D:4      | Killed a phantom
  3464 | D:4      | Reached skill level 9 in Long Blades
  3480 | D:4      | Found Uzauqe's Armour Shop.
  3712 | D:5      | Entered Level 5 of the Dungeon
  3737 | D:5      | Found a snail-covered altar of Cheibriados.
  3737 | D:5      | Found an iron altar of Okawaru.
  3752 | D:5      | HP: 2/41 [sky beast (1)]
  3757 | D:5      | Slain by a sky beast

Action                   |  1- 3 |  4- 6 || total
-------------------------+-------+-------++-------
Melee: Falchion          |    93 |       ||    93
       Great sword       |    46 |   189 ||   235
Throw: Throwing net      |     1 |     2 ||     3
  Use: Potion            |     3 |     5 ||     8
       Scroll            |       |     6 ||     6
 Stab: Sleeping          |     2 |       ||     2
       Held in net/web   |     1 |       ||     1
       Invisible         |       |     1 ||     1
